 Dungeon Crawl Stone Soup version 0.22.0-6-g71bd7aa (webtiles) character file.

18 ventricule the Ducker (level 2, 0/18 HPs)
             Began as a Deep Elf Abyssal Knight on Aug 14, 2018.
             Was a Follower of Lugonu.
             Slain by a rat (3 damage)
             ... on level 1 of the Dungeon.
             The game lasted 00:01:59 (465 turns).

ventricule the Ducker (Deep Elf Abyssal Knight)      Turns: 465, Time: 00:02:00

Health: 0/18       AC:  4    Str:  9    XL:     2   Next: 51%
Magic:  5/5        EV: 13    Int: 16    God:    Lugonu [*.....]
Gold:   26         SH:  0    Dex: 14    Spells: 1/1 levels left

rFire    . . .     SeeInvis .   a - +1 short sword
rCold    . . .     Gourm    .   (no shield)
rNeg     . . .     Faith    .   b - +0 leather armour
rPois    .         Spirit   .   (no helmet)
rElec    .         Reflect  .   g - +0 cloak
rCorr    .         Harm     .   (no gloves)
MR       .....                  (no boots)
Stlth    +.........             (no amulet)
HPRegen  0.06/turn              (no ring)
MPRegen  0.09/turn              (no ring)

@: no status effects
A: no striking features
a: Depart the Abyss, Renounce Religion


You were on level 1 of the Dungeon.
You worshipped Lugonu.
Lugonu was aware of your devotion.
You were not hungry.

You visited 1 branch of the dungeon, and saw 1 of its levels.
You visited the Abyss 1 time.

You collected 26 gold pieces.

Inventory:

Hand Weapons
 a - a +1 short sword (weapon)
 f - a +0 hunting sling
Missiles
 c - 5 needles of sleeping
 Q - 28 stones (quivered)
Armour
 b - a +0 leather armour (worn)
 g - a +0 cloak (worn)
Scrolls
 i - a scroll of blinking {unknown}
 j - a scroll of enchant weapon {unknown}
Comestibles
 d - 7 chunks of flesh
 e - 2 rations


   Skills:
 - Level 2.4 Fighting
 + Level 2.6 Short Blades
 - Level 0.7 Armour
 + Level 3.2 Dodging
 - Level 2.0 Invocations


You had one spell level left.
You didn't know any spells.
Your spell library was empty.

Dungeon Overview and Level Annotations

Branches:
Dungeon (1/15)

Altars:


Message History

You hit the kobold but do no damage. The kobold completely misses you.
You hit the kobold but do no damage. The kobold hits you with a short sword.
* * * LOW HITPOINT WARNING * * *
You take 3 damage, and have 7/18 hp.
You closely miss the kobold. The kobold hits you with a short sword.
* * * LOW HITPOINT WARNING * * *
You take 5 damage, and have 2/18 hp.
MASSIVE DAMAGE!!
The kobold throws a stone.
The stone closely misses you. The rat bites you but does no damage.
The rat bites you but does no damage.
The kobold throws a stone.
The stone misses you.
Some of the chunks of flesh in your inventory have rotted away.
The kobold throws a stone.
The stone closely misses you.
The kobold throws a stone.
The stone completely misses you.
You see here 2 stones.
As you read the scroll labeled LUN VUVIRPHILOEFY, it crumbles to dust.
You feel blessed for a moment.
It was a scroll of remove curse.
The rat bites you.
You die...

#.# #............ #.#
#.########...
#.#####.##...###...
#...##........##...
#......#......##...
#...##.............
#......#......##...
##.###...##........
#@# ##.###........
#r# #...........# #.#
####..###.... #.#
#.## #..##
#(#######.####..#
####K#....(........##
#....[.......####....
#.#..#.##.#..##......
# #..#.##.#..##.#.###


You could see a kobold and a rat.

Vault maps used:
D:1:      matt_arrival_refuge

Notes
Turn   | Place    | Note
-------+----------+-------------------------------------------
     0 | Abyss:1  | ventricule the Deep Elf Abyssal Knight began the quest for the Orb.
     0 | Abyss:1  | Reached XP level 1. HP: 13/13 MP: 4/4
    37 | Abyss:1  | Noticed an ancient zyme
    39 | D:1      | Escaped the Abyss
   151 | D:1      | Identified a scroll of identify
   151 | D:1      | Identified a +0 hunting sling (You found it on level 1 of the Dungeon)
   225 | D:1      | Reached * piety under Lugonu
   225 | D:1      | Reached XP level 2. HP: 17/18 MP: 5/5
   231 | D:1      | Identified a +0 cloak (You found it on level 1 of the Dungeon)
   232 | D:1      | Reached skill level 3 in Dodging
   446 | D:1      | HP: 2/18 [kobold/short sword (5)]
   465 | D:1      | Identified a scroll of remove curse
   465 | D:1      | Slain by a rat

Table legend:
 A = Turns spent in this place as a percentage of turns spent in the entire game.
 B = Non-inter-level travel turns spent in this place as a percentage of non-inter-level travel turns spent in the entire game.
 C = Inter-level travel turns spent in this place as a percentage of turns spent in this place.
 D = Turns resting spent in this place as a percentage of non-inter-level travel turns spent in this place.
 E = Turns spent auto-exploring this place as a percentage of non-inter-level travel turns spent in this place.
 F = Non-inter-level travel turns spent in this place divided by the number of levels of this place that you've seen.
                   A       B       C       D       E      F
               +-------+-------+-------+-------+-------+----------------------
         Total | 100.0 | 100.0 |   0.0 |  13.5 |  45.4 | 232.5
       Dungeon |  91.6 |  91.6 |   0.0 |  14.8 |  49.5 | 426.0
         Abyss |   8.4 |   8.4 |   0.0 |   0.0 |   0.0 |  39.0
               +-------+-------+-------+-------+-------+----------------------

Table legend:
 A = Kills in this place as a percentage of kills in entire the game.
 B = Kills by you in this place as a percentage of kills by you in the entire game.
 C = Kills by friends in this place as a percentage of kills by friends in the entire game.
 D = Other kills in this place as a percentage of other kills in the entire game.
 E = Experience gained in this place as a percentage of experience gained in the entire game.
 F = Experience gained in this place divided by the number of levels of this place that you have seen.
                   A       B       C       D       E      F
               +-------+-------+-------+-------+-------+----------------------
         Total | 100.0 | 100.0 |   N/A |   N/A | 100.0 |  13.5
       Dungeon | 100.0 | 100.0 |   N/A |   N/A | 100.0 |  27.0
               +-------+-------+-------+-------+-------+----------------------

Skill      XL: |  1  2 |
---------------+-------+-----
Dodging        | 3 |  3.2
Fighting       | |  2.4
Short Blades   | |  2.6
Armour         | |  0.7
Invocations    | |  2.0

Action                   || total
-------------------------++-------
Melee: Short sword       ||    56
Invok: Depart the Abyss  ||     1
  Use: Scroll            ||     2
 Stab: Sleeping          ||     1
Armor: Leather armour    ||    27
Dodge: Dodged            ||    37

Vanquished Creatures
  A ball python (D:1)
  5 bats (D:1)
  3 giant cockroaches (D:1)
  2 goblins (D:1)
  2 hobgoblins (D:1)
  A frilled lizard (D:1)
  2 rats (D:1)
16 creatures vanquished.
